Map: Torches LE

Players

Zoun

  • Race: Protoss Protoss
  • League: Master
  • Spawn Location: 1:00

HeroMarine - Winner!

  • Race: Terran Terran
  • Spawn Location: 5:00

Event: HomeStory Cup XXVII

VOD

Have the link to the VOD?

Description

Time

  • Played on: June 29, 2025, 8:37 a.m.
  • Length: 10:01

All games in this series

Show
View Real Time Build Order
Export as new Build Order

Zoun Protoss 

Build Orders: 1 Gate Expand, Phoenix Opening 

Get SALT Encoding   

  12  0:00  Probe  
  13  0:12  Probe  
  14  0:16  Pylon  
  14  0:23  Probe  
  15  0:31  Probe  
  16  0:35  Gateway  
  16  0:39  Probe  
  16  0:45  Assimilator  
  17  0:50  Probe  
  18  1:03  Probe  
  19  1:15  Probe  
  20  1:22  Cybernetics Core  
  20  1:35  Nexus  
  20  1:43  Pylon  
  20  1:47  Probe  
  20  1:53  Assimilator, Adept  
  21  1:59  Probe  
  22  2:05  Warp Gate  
  24  2:11  Probe  
  25  2:21  Adept  
  25  2:23  Probe  
  28  2:30  Stargate  
  28  2:36  Probe  
  29  2:42  Shield Battery  
  29  2:45  Gateway  
  29  2:48  Probe  
  29  2:49  Adept  
  30  2:51  Probe  
  33  3:05  Phoenix, Probe  
  34  3:09  Probe  
  35  3:17  Probe  
  38  3:21  Gateway  
  38  3:24  Probe  
  39  3:28  Phoenix  
  39  3:33  Probe  
  42  3:37  Pylon  
  42  3:40  Probe  
  43  3:45  Probe  
  43  3:47  Phoenix  
  44  3:52  Probe  
  47  3:56  Shield Battery  
  47  4:01  Robotics Facility  
  47  4:04  Assimilator  
  47  4:05  Probe  
  47  4:07  Probe  
  49  4:12  Assimilator  
  49  4:17  Probe  
  49  4:19  Probe  
  49  4:21  Adept  
  53  4:24  Pylon  
  53  4:29  Probe  
  54  4:33  Pylon  
  54  4:42  Phoenix, Probe x2  
  58  4:51  Immortal  
  58  4:52  Adept x2  
  59  4:57  Probe, Robotics Bay  
  54  5:02  Probe  
  54  5:05  Sentry  
  61  5:14  Probe  
  61  5:16  Stalker  
  61  5:17  Adept  
  61  5:21  Probe  
  67  5:23  Pylon  
  67  5:31  Immortal  
  67  5:34  Stalker  
  69  5:38  Pylon  
  73  5:44  Phoenix  
  75  5:51  Stalker  
  75  5:56  Probe  
  79  5:57  Probe  
  79  6:02  Nexus  
  79  6:06  Pylon  
  79  6:09  Colossus  
  79  6:10  Phoenix  
  81  6:16  Probe  
  82  6:19  Probe  
  89  6:28  Extended Thermal Lance, Probe  
  90  6:35  Phoenix  
  90  6:42  Shield Battery  
  90  6:46  Stargate, Probe  
  91  6:49  Probe  
  91  6:53  Zealot  
  94  6:57  Phoenix, Pylon  
  94  7:08  Assimilator  
  94  7:12  Assimilator  
  94  7:13  Probe x2  
  96  7:17  Phoenix  
  96  7:18  Zealot  
  96  7:19  Zealot  
  96  7:20  Probe  
  96  7:21  Protoss Air Weapons Level 1  
  103  7:25  Probe  
  100  7:31  Phoenix, Stalker  
  94  7:37  Phoenix  
  94  7:41  Stalker  
  94  7:42  Probe x2  
  94  7:43  Probe  
  93  7:52  Stalker  
  93  7:54  Probe x2  
  93  7:55  Probe  
  93  7:56  Phoenix  
  100  8:06  Immortal, Probe x2  
  100  8:07  Probe  
  100  8:09  Shield Battery  
  102  8:12  Phoenix  
  102  8:18  Probe x2  
  102  8:19  Zealot x2  
  112  8:21  Phoenix, Pylon  
  112  8:22  Probe  
  115  8:30  Shield Battery  
  115  8:36  Pylon  
  115  8:37  Phoenix x2, Pylon  
  117  8:41  Fleet Beacon  
  119  8:57  Observer  
  119  9:01  Nexus  
  120  9:02  Phoenix  
  120  9:03  Pylon, Probe x2  
  120  9:07  Phoenix  
  126  9:16  Probe x2  
  134  9:28  Shield Battery  
  134  9:38  Stalker x2  
  132  9:44  Stalker  
Show
View Real Time Build Order
Export as new Build Order

HeroMarine Terran - Winner!

Build Orders: Mech, Cyclone Timing 

Get SALT Encoding   

  12  0:00  SCV  
  13  0:12  SCV  
  14  0:17  Supply Depot  
  14  0:24  SCV  
  15  0:38  SCV  
  15  0:40  Barracks  
  16  0:43  Refinery  
  16  0:50  SCV  
  16  0:52  Refinery  
  17  1:03  SCV  
  18  1:15  SCV  
  19  1:28  Orbital Command, Reaper, Supply Depot  
  20  1:42  Factory  
  20  1:53  SCV  
  21  2:00  Reaper  
  22  2:06  SCV  
  23  2:17  Command Center  
  23  2:21  SCV  
  24  2:26  Hellion  
  26  2:33  Barracks Reactor, SCV  
  26  2:41  Starport  
  26  2:45  SCV  
  26  2:49  Supply Depot  
  26  2:51  Factory Tech Lab  
  27  2:57  SCV  
  28  3:09  SCV  
  28  3:10  Cyclone, Marine  
  28  3:11  Marine  
  34  3:21  SCV, Medivac  
  37  3:28  Marine  
  37  3:29  Marine  
  37  3:33  Orbital Command  
  39  3:35  SCV  
  39  3:43  Cyclone  
  39  3:47  Marine, SCV  
  39  3:48  Marine  
  45  3:54  Viking  
  47  3:59  SCV x2  
  47  4:02  Supply Depot  
  49  4:05  Refinery  
  49  4:11  SCV x2  
  51  4:20  Cyclone  
  51  4:23  Marine x2  
  51  4:24  Supply Depot, SCV x2  
  58  4:36  SCV x2  
  58  4:38  Factory  
  60  4:41  Marine x2  
  62  4:48  SCV x2  
  65  5:00  Supply Depot, SCV x2, Siege Tank  
  66  5:09  Barracks Tech Lab  
  66  5:10  Command Center  
  66  5:14  Viking  
  68  5:15  Viking  
  70  5:22  SCV x2  
  70  5:23  Supply Depot  
  70  5:25  Refinery  
  71  5:33  Cyclone  
  71  5:34  SCV x2  
  74  5:42  Engineering Bay  
  74  5:43  Cyclone  
  74  5:46  SCV  
  78  5:58  Viking x2, SCV x2  
  78  6:00  Supply Depot  
  84  6:07  Mag-Field Accelerator  
  84  6:10  SCV x2  
  86  6:16  Missile Turret  
  86  6:17  Missile Turret, Cyclone  
  89  6:22  SCV x2  
  91  6:28  Viking, Missile Turret  
  91  6:30  Viking  
  95  6:37  SCV x2  
  95  6:38  Cyclone  
  100  6:49  Refinery, SCV x2  
  100  6:50  Factory  
  102  6:54  Cyclone  
  102  6:59  Refinery, Orbital Command  
  105  7:01  SCV  
  105  7:07  SCV  
  107  7:10  Siege Tank  
  107  7:11  Missile Turret  
  110  7:16  Starport Reactor  
  110  7:19  Supply Depot  
  110  7:20  SCV x2  
  112  7:28  Cyclone  
  115  7:34  SCV x2  
  103  7:42  Cyclone, SCV  
  103  7:46  Factory x2, SCV x2  
  105  7:52  Armory  
  105  7:54  SCV  
  105  7:55  Liberator  
  109  7:58  SCV x2  
  109  7:59  Liberator  
  114  8:06  SCV  
  114  8:09  Cyclone  
  114  8:10  SCV  
  116  8:15  Hellion x2  
  116  8:19  Supply Depot  
  120  8:20  Supply Depot  
  120  8:21  Supply Depot  
  120  8:23  Cyclone  
  123  8:31  Factory Reactor, Factory Tech Lab  
  123  8:33  Sensor Tower  
  123  8:34  Infernal Pre-Igniter  
  123  8:36  Hellion  
  123  8:41  Hellion  
  127  8:42  Supply Depot  
  127  8:43  Supply Depot  
  127  8:45  Liberator x2  
  133  8:50  Cyclone  
  133  8:53  Supply Depot  
  133  8:54  Cyclone  
  139  8:58  Hellion  
  139  9:02  Hellion  
  145  9:06  Supply Depot x2  
  145  9:07  Cyclone  
  146  9:10  Hellion  
  146  9:11  Hellion  
  146  9:15  Supply Depot  
  150  9:17  Supply Depot  
  150  9:19  Hellion  
  150  9:22  Cyclone  
  153  9:26  Cyclone, Hellion  
  158  9:32  Hellion  
  158  9:33  Hellion  
Tags
 
Add a new tag
Caveats
  • Supply blocks, unpowered buildings, or Contaminate may cause inaccurate times.
  • Supply counts are checked every 10 seconds.